cohdb
Replays
Latest Replays
All Replays
Popular Replays
Top Player Replays
Match Explorer
How It Works
Community
CoH3 Stats
Reddit
Sign in to upload your games and track your stats! →
Sign in with Steam
Match 43116754
Unlisted
Match 43116754
Overview
Messages
Build Orders
End
Royal Engineer Section
Vickers Machine Gun Team
Construct Section Command Post
Infantry Section
Infantry Section
Construct Platoon Command Post
CMP 15cwt Truck
Selects Heavy Armor Battlegroup
Selects Rigorous Vehicle Training
6-pounder Anti-tank Gun Team
Light Vehicle Training
Infantry Section
CMP 15cwt Truck
Selects Light Vehicle Withdraw and Refit
Selects Radio Net
6-pounder Anti-tank Gun Team
Infantry Training
6-pounder Anti-tank Gun Team
Selects Designate Targets
Designate Targets
Designate Targets
Construct Company Command Post
Darbesky
Hyka-Haka
AdmiralAmerica
JODLASTY
0
0
Comments
sign in to comment!
No comments posted yet!